 Dungeon Crawl Stone Soup version 0.30-a0-756-gc2185399d4 (webtiles) character file.

Game seed: 14059732417588394265

65 sanka the Trooper (level 4, -1/29 HPs)
             Began as a Gargoyle Fighter on Feb 9, 2023.
             Slain by a gnoll
             ... wielding a +0 flail
              (6 damage)
             ... on level 2 of the Dungeon.
             The game lasted 00:01:43 (967 turns).

sanka the Trooper (Gargoyle Fighter)                 Turns: 967, Time: 00:01:44

Health: -1/29      AC: 12    Str: 21    XL:     4   Next: 14%
Magic:  4/4        EV:  7    Int:  9    God:
Gold:   106        SH:  4    Dex:  9    Spells: 3/3 levels left

rFire   . . .      SeeInvis .    a - +0 flail
rCold   . . .      Faith    .    c - +0 buckler
rNeg    + . .      Spirit   .    g - +0 chain mail
rPois   ∞          Reflect  .    (no helmet)
rElec   +          Harm     .    (no cloak)
rCorr   .          Rampage  .    (no gloves)
Will    .....                    (no boots) Stlth
                                 (no amulet)
HPRegen 0.24/turn                (no ring)
MPRegen 0.09/turn                (no ring)

@: no status effects
A: sickness immunity, AC +3, negative energy resistance 1, electricity
resistance, torment resistance 1, petrification resistance
a: no special abilities


You were on level 2 of the Dungeon.
You visited 1 branch of the dungeon, and saw 2 of its levels.

You collected 106 gold pieces.


Innate Abilities, Weirdness & Mutations

You are immune to sickness and miasma.
Your stone body is resilient. (AC +3)
You are immune to poison.
You resist negative energy. (rN+)
You are resistant to electric shocks. (rElec)
You are resistant to unholy torment.
You are immune to petrification.


   Skills:
 - Level 4.0 Fighting
 + Level 3.8 Maces & Flails
 - Level 3.2 Armour
 - Level 3.2 Shields


You had 3 spell levels left.
You didn't know any spells.
Your spell library was empty.

Inventory:

Hand Weapons
 a - a +0 flail (weapon)
 h - a +0 dagger of venom
Armour
 b - a +0 scale mail
 c - a +0 buckler (worn)
 g - a +0 chain mail (worn)
Scrolls
 e - a scroll of identify {unknown}
 f - a scroll of vulnerability {unknown}
 j - a scroll of teleportation {unknown}
 k - a scroll of blinking {unknown}
Potions
 d - a potion of might
 i - a potion of heal wounds {unknown}

Dungeon Overview and Level Annotations

Branches:
Dungeon (2/15)

Altars:

..▒
▒▒▒▒▒)..▒▒▒▒.▒▒▒.
..
▒..............'.
▒.
▒▒▒▒▒▒.▒▒▒▒▒▒▒▒▒.
▒▒.▒▒▒▒▒▒▒▒▒▒.▒
▒▒
▒...........▒.▒
▒...........▒.▒
▒>..........).▒
▒...........▒▒▒
▒.....g8....▒
▒.▒▒▒▒▒g▒▒▒▒▒
▒......g.
▒.▒▒▒▒.▒▒ ▒.▒ ▒.▒
▒.▒ ▒.. ▒.▒


You could see 2 gnolls.


Message History

You closely miss the gnoll. The gnoll hits you but does no damage.
You barely miss the gnoll. The gnoll hits you but does no damage.
The gnoll hits you with a +0 club.
You barely miss the gnoll. The gnoll hits you with a +0 flail.
The gnoll hits you but does no damage.
You closely miss the gnoll. The gnoll hits you but does no damage.
The gnoll hits you with a +0 club. The gnoll closely misses you.
The gnoll hits you with a +0 flail!
* * * LOW HITPOINT WARNING * * *
You sock the gnoll!
The gnoll is heavily wounded.
You block the gnoll's attack. The gnoll completely misses you.
You barely miss the gnoll.
The gnoll is heavily wounded.
The gnoll barely misses you. The gnoll hits you but does no damage.
You closely miss the gnoll.
The gnoll is heavily wounded.
The gnoll hits you with a +0 flail.
* * * LOW HITPOINT WARNING * * *
The gnoll hits you but does no damage. The gnoll hits you but does no damage.
The gnoll hits you with a +0 flail.
You die...

Action                     |  1- 3 |  4- 6 || total
---------------------------+-------+-------++-------
  Melee: Flail             |   124 |     7 ||   131
 Armour: Scale mail        |    40 |       ||    40
         Chain mail        |    36 |     7 ||    43
  Dodge: Dodged            |    59 |     3 ||    62
  Block: Buckler           |    17 |     1 ||    18

Levels and vault maps discovered:
D:1:      lightli_arrival_statuegarden, layout_basic
D:2:      minmay_door_path, layout_basic, serial_corexii_hall,
          corexii_hall_statues_u, chequers_hall_statues_y,
          minmay_tiny_reverse_x, uniq_natasha

Notes
Turn   | Place    | Note
-------+----------+-------------------------------------------
     0 | D:1      | sanka the Gargoyle Fighter began the quest for the Orb.
     0 | D:1      | Reached XP level 1. HP: 14/14 MP: 1/1
   132 | D:1      | Reached XP level 2. HP: 15/19 MP: 2/2
   434 | D:1      | Reached XP level 3. HP: 21/24 MP: 3/3
   442 | D:1      | Reached skill level 4 in Fighting
   579 | D:1      | Reached skill level 3 in Maces & Flails
   959 | D:2      | Reached XP level 4. HP: 29/29 MP: 4/4
   967 | D:2      | Slain by a gnoll

Vanquished Creatures
  A gnoll (D:2)
  2 adders (D:2)
  6 endoplasms
  A giant cockroach (D:1)
  6 goblins
  2 hobgoblins (D:1)
  5 quokkas (D:1)
  3 ball pythons (D:1)
  4 bats
  3 kobolds
  2 rats (D:1)
35 creatures vanquished.
